 Dungeon Crawl Stone Soup version 0.28.0-53-g5a82cb258f (webtiles) character file.

Game seed: 16390195085783393805

816 cbfl8 the Chopper (level 7, 0/56 HPs)
             Began as a Demonspawn Fighter on July 21, 2022.
             Slain by a scorpion (1 damage)
             ... on level 5 of the Dungeon.
             The game lasted 00:03:14 (4912 turns).

cbfl8 the Chopper (Demonspawn Fighter)              Turns: 4912, Time: 00:03:15

Health: 0/56       AC: 18    Str: 19    XL:     7   Next: 62%
Magic:  7/7        EV:  5    Int:  9    God:
Gold:   178        SH:  4    Dex: 12    Spells: 6/6 levels left

rFire   . . .      SeeInvis .   a - +0 war axe
rCold   . . .      Faith    .   c - +0 buckler
rNeg    + + .      Spirit   .   y - +2 plate armour {rN+}
rPois   .          Reflect  .   q - +0 helmet
rElec   .          Harm     .   (no cloak)
rCorr   .          Rampage  .   i - +0 pair of gloves
Will    .....                   (boots unavailable)
Stlth   ..........              (no amulet)
HPRegen 0.18/turn               w - ring of positive energy
MPRegen 0.10/turn               (no ring)

@: mighty
A: hooves 3, icy blue scales 1
a: no special abilities


You were on level 5 of the Dungeon.
You visited 1 branch of the dungeon, and saw 5 of its levels.

You collected 178 gold pieces.

Inventory:

Hand Weapons
 a - a +0 war axe (weapon)
Armour
 b - a +0 scale mail
 c - a +0 buckler (worn)
 i - a +0 pair of gloves (worn)
 j - a +0 plate armour
 q - a +0 helmet (worn)
 y - a +2 plate armour of positive energy (worn)
Jewellery
 w - a ring of positive energy (left hand)
Wands
 x - a wand of flame (20)
Scrolls
 e - 3 scrolls of teleportation {unknown}
 f - a scroll of noise {unknown}
 g - 6 scrolls of identify {unknown}
 k - a scroll of magic mapping {unknown}
 m - 3 scrolls of enchant armour {unknown}
 p - a scroll of fear {unknown}
 u - a scroll of silence {unknown}
 v - a scroll of fog {unknown}
 z - a scroll of enchant weapon {unknown}
Potions
 h - a potion of attraction {unknown}
 l - 2 potions of brilliance {unknown}
 n - a potion of experience {unknown}
 o - a potion of invisibility {unknown}
 r - 2 potions of heal wounds {unknown}
 s - a potion of flight {unknown}
 t - a potion of degeneration {unknown}


   Skills:
 * Level 5.0 Fighting
 + Level 5.5 Axes
 + Level 4.2 Armour
 + Level 0.6 Dodging
 + Level 1.0 Stealth
 + Level 3.5 Shields


You had 6 spell levels left.
You didn't know any spells.
Your spell library contained the following spells:

 Spells                   Type           Power      Damage    Failure   Level
 Blink                    Tloc           0%         N/A       100%        2
 Manifold Assault         Tloc           0%         N/A       100%        5
 Storm Form               Tmut/Air       0%         N/A       100%        7


Dungeon Overview and Level Annotations

Branches:
Dungeon (5/15)
 Temple: D:4-7

Altars:
Elyvilon
Fedhas
Uskayaw
Yredelemnul
Zin

Shops:
D:2 [


Innate Abilities, Weirdness & Mutations

You have hooves in place of feet.
You are partially covered in icy blue scales. (AC +2)


Message History

Sorry, you're not good enough to have a special ability.
You feel very mighty all of a sudden.
The ice beast hits you but does no damage.
The scorpion barely misses you. The gnoll barely misses you.
Unknown command.
You closely miss the ice beast.
The ice beast is lightly wounded.
You slash the scorpion! The ice beast closely misses you.
The scorpion stings you but does no damage.
The gnoll hits you from afar with a +0 halberd!
The ice beast hits you. The ice beast freezes you!
* * * LOW HITPOINT WARNING * * *
The scorpion closely misses you.
You slice the ice beast!! Your kick misses the ice beast.
The ice beast is almost dead.
You barely miss the scorpion. The scorpion stings you.
* * * LOW HITPOINT WARNING * * *
You block the gnoll's attack.
The ice beast hits you but does no damage.
Unknown command.
You slash the ice beast!
You kill the ice beast!
You closely miss the scorpion. The scorpion closely misses you.
The gnoll hits you from afar with a +0 halberd.
* * * LOW HITPOINT WARNING * * *
The scorpion closely misses you.
The gnoll hits you from afar with a +0 halberd.
* * * LOW HITPOINT WARNING * * *
Your Fighting skill increases to level 5!
You barely miss the scorpion.
The scorpion is moderately wounded.
The scorpion stings you.
* * * LOW HITPOINT WARNING * * *
The gnoll hits you but does no damage.
You slash the scorpion!
The scorpion is severely wounded.
The scorpion stings you.
* * * LOW HITPOINT WARNING * * *
The gnoll barely misses you. The scorpion stings you.
You die...

..#.......#
#.#.......##
#..........#
...........+
#..........#
#....g..# #..s.)#
.###.)@##
.........#
.#####.#.# #.#.###
###.#...#
#.....#.#
#.......####.#
..###............#
..........########


You could see a scorpion and a gnoll.

Vanquished Creatures
  Grinder (D:4)
  A black bear (D:5)
  An ice beast (D:5)
  An ogre (D:5)
  A scorpion (D:4)
  2 hounds (D:5)
  A jelly (D:4)
  Natasha (thrice) (D:4)
  A howler monkey zombie (D:4)
  2 gnolls (D:5)
  5 adders
  2 worms (D:2)
  2 orcs
  8 ball pythons
  2 endoplasms (D:2)
  5 giant cockroaches
  4 goblins
  5 hobgoblins
  3 jackals (D:2)
  5 kobolds
  2 quokkas
  3 bats
  3 frilled lizards
  3 rats
66 creatures vanquished.

Notes
Turn   | Place    | Note
-------+----------+-------------------------------------------
     0 | D:1      | cbfl8 the Demonspawn Fighter began the quest for the Orb.
     0 | D:1      | Reached XP level 1. HP: 18/18 MP: 1/1
   660 | D:1      | Gained mutation: You have large cloven feet. [demonic
                  | ancestry]
   660 | D:1      | Reached XP level 2. HP: 17/24 MP: 2/2
  1709 | D:2      | Gained mutation: You have hoof-like feet. [demonic
                  | ancestry]
  1709 | D:2      | Reached XP level 3. HP: 21/29 MP: 3/3
  2028 | D:2      | Found Acken's Antique Armour Shop.
  2387 | D:2      | Found a faded altar of an unknown god.
  2967 | D:3      | Found a blossoming altar of Fedhas.
  3292 | D:3      | Found a basalt altar of Yredelemnul.
  3400 | D:4      | Noticed Natasha
  3404 | D:4      | Killed Natasha
  3405 | D:4      | Reached XP level 4. HP: 35/35 MP: 4/4
  3430 | D:4      | Noticed a scorpion
  3438 | D:4      | Killed a scorpion
  3439 | D:4      | Reached XP level 5. HP: 37/41 MP: 5/5
  3495 | D:4      | Noticed Natasha
  3500 | D:4      | Killed Natasha
  3599 | D:4      | Noticed Grinder
  3623 | D:4      | Paralysed by Grinder for 3 turns
  3627 | D:4      | Killed Grinder
  3628 | D:4      | Gained mutation: You have hooves in place of feet. [demonic
                  | ancestry]
  3628 | D:4      | Reached XP level 6. HP: 29/48 MP: 6/6
  3770 | D:4      | Noticed Natasha
  3778 | D:4      | Killed Natasha
  3889 | D:4      | Found a hide-covered altar of Uskayaw.
  4424 | D:5      | Entered Level 5 of the Dungeon
  4445 | D:5      | Gained mutation: You are partially covered in icy blue
                  | scales. (AC +2) [demonic ancestry]
  4445 | D:5      | Reached XP level 7. HP: 47/55 MP: 7/7
  4699 | D:5      | Reached skill level 5 in Axes
  4699 | D:5      | Reached skill level 1 in Stealth
  4911 | D:5      | Reached skill level 5 in Fighting
  4912 | D:5      | HP: 1/56 [scorpion (4)]
  4912 | D:5      | Slain by a scorpion

Illustrated notes

Levels and vault maps discovered:
D:1:      dpeg_arrival_renting, layout_loops_ring
D:2:      layout_basic, serial_shops, shop,
          shapermc_ecumenical_altar_starsandcircs, minmay_liquid_box
D:3:      layout_basic, lemuel_doored_altar, fedhas_altar_2,
          minmay_misc_feat_tiny
D:4:      layout_loops_ring, elyvilon_altar_5, mainiacjoe_overflow_boulevard,
          kennysheep_little_box, uniq_grinder, uniq_natasha
D:5:      layout_loops_corners

Skill      XL: |  1  2  3  4  5  6  7 |
---------------+----------------------+-----
Axes           | 2 3 4 5 |  5.5
Armour         | 3 4 |  4.2
Shields        | 3 |  3.5
Fighting       | 4 5 |  5.0
Stealth        | 1 |  1.0
Dodging        | |  0.6

Action                   |  1- 3 |  4- 6 |  7- 9 || total
-------------------------+-------+-------+-------++-------
Melee: War axe           |   110 |    53 |    31 ||   194
       Kick              |    19 |    15 |     9 ||    43
  Use: Potion            |       |     1 |     1 ||     2
Armor: Scale mail        |    36 |       |       ||    36
       Plate armour      |    21 |    35 |    18 ||    74
Dodge: Dodged            |    39 |    13 |    14 ||    66
Block: Buckler           |    28 |     5 |     7 ||    40
